 Dungeon Crawl Stone Soup version 0.22-a0-75-g1fede22 (webtiles) character file.

7055 oplop the Nimble (level 11, -2/70 (72) HPs)
             Began as an Octopode Venom Mage on Feb 20, 2017.
             Was a Follower of Vehumet.
             Killed from afar by an efreet (32 damage)
             ... with a bolt of fire
             ... on level 11 of the Dungeon on Jan 12, 2018.
             The game lasted 00:49:42 (12422 turns).

oplop the Nimble (Octopode Venom Mage)             Turns: 12422, Time: 00:49:43

HP:   -2/70 (72)    AC:  3    Str: 11    XL:     11   Next: 9%
MP:   32/32         EV: 18    Int: 20    God:    Vehumet [*.....]
Gold: 561           SH:  0    Dex: 12    Spells: 8/27 levels left

rFire    . . .     SeeInvis .   j - +3 short sword (venom)
rCold    + . .     Gourm    .   (no shield)
rNeg     . . .     Faith    .   (helmet restricted)
rPois    .         Spirit   .   (no amulet)
rElec    .         Reflect  .   c - ring of magical power
rCorr    .         Harm     .   p - ring of protection from cold
MR       .....                  (no ring)
Stlth    +++.......             (no ring)
HPRegen  0.21/turn              (no ring)
MPRegen  0.23/turn              (no ring)
                                (no ring)
                                (no ring)

@: no status effects
A: almost no armour, stealthy swim, amphibious, 8 rings, constrict 8, icy blue
scales 1, camouflage 1, strong 1, gelatinous body 1
a: Renounce Religion


You were on level 11 of the Dungeon.
You worshipped Vehumet.
Vehumet was aware of your devotion.
You were very hungry.

You visited 2 branches of the dungeon, and saw 12 of its levels.

You collected 626 gold pieces.
You spent 65 gold pieces at shops.

Inventory:

Hand Weapons
 d - a +0 short sword
 j - a +3 short sword of venom (weapon)
Missiles
 n - 3 throwing nets (quivered)
Jewellery
 c - a ring of magical power (left tentacle)
 p - a ring of protection from cold (right tentacle)
Wands
 i - a wand of iceblast (7)
 o - a wand of paralysis (11)
 w - a wand of random effects (24)
 y - a wand of polymorph (7)
 A - a wand of random effects (31)
 D - a wand of clouds (7)
 H - a wand of enslavement (5)
Scrolls
 e - 2 scrolls of amnesia {unknown}
 g - a scroll of fear
 h - 3 scrolls of identify
 m - 4 scrolls of teleportation
 q - a scroll of enchant weapon
 t - 2 scrolls of enchant armour
 u - 4 scrolls of remove curse
Potions
 f - a potion of berserk rage
 k - 3 potions of lignification
 v - a potion of might
 x - a potion of brilliance
 z - 3 potions of haste
 C - 2 potions of magic
 F - 2 potions of heal wounds
 G - a potion of agility
 J - a potion of curing
Books
 a - a Young Poisoner's Handbook

   Spells                             Type                      Level
   a - Sting                          Conjuration/Poison           1
   b - Poisonous Vapours              Poison/Air                   2
   c - Mephitic Cloud                 Conjuration/Poison/Air       3
   d - Olgreb's Toxic Radiance        Poison                       4
   e - Venom Bolt                     Conjuration/Poison           5
 l - a book of Party Tricks

   Spells                             Type                      Level
   a - Summon Butterflies             Summoning                    1
   b - Apportation                    Translocation                1
   c - Lesser Beckoning               Translocation                3
   d - Tukima's Dance                 Hexes                        3
   e - Alistair's Intoxication        Transmutation/Poison         5
   f - Invisibility                   Hexes                        6
 r - a book of Debilitation

   Spells                             Type                      Level
   a - Corona                         Hexes                        1
   b - Slow                           Hexes                        2
   c - Inner Flame                    Hexes/Fire                   3
   d - Portal Projectile              Hexes/Translocation          3
   e - Cause Fear                     Hexes                        4
   f - Leda's Liquefaction            Hexes/Earth                  4
 s - a book of Misfortune

   Spells                             Type                      Level
   a - Confusing Touch                Hexes                        1
   b - Confuse                        Hexes                        3
   c - Gell's Gravitas                Translocation                3
   d - Petrify                        Transmutation/Earth          4
   e - Metabolic Englaciation         Hexes/Ice                    5
   f - Yara's Violent Unravelling     Hexes/Transmutation          5
 B - a book of Necromancy

   Spells                             Type                      Level
   a - Pain                           Necromancy                   1
   b - Animate Skeleton               Necromancy                   1
   c - Vampiric Draining              Necromancy                   3
   d - Regeneration                   Charms/Necromancy            3
   e - Animate Dead                   Necromancy                   4
   f - Borgnjor's Vile Clutch         Necromancy/Earth             5
Comestibles
 b - 8 rations


   Skills:
 + Level 6.1 Fighting
 - Level 0.8 Short Blades
 + Level 9.5 Dodging
 - Level 2.6 Stealth
 + Level 8.6 Spellcasting
 + Level 5.8 Conjurations
 - Level 2.2 Air Magic
 - Level 7.6 Poison Magic


You had 8 spell levels left.
You knew the following spells:

 Your Spells              Type           Power        Failure   Level  Hunger
a - Sting                 Conj/Pois      ####         1%          1    None
b - Poisonous Vapours     Pois/Air       ####..       1%          2    None
c - Mephitic Cloud        Conj/Pois/Air  ####....     2%          3    None
d - Olgreb's Toxic Radia  Pois           #####...     3%          4    ###....
e - Venom Bolt            Conj/Pois      #####.....   14%         5    #####..
f - Summon Butterflies    Summ           #.......     8%          1    None
g - Confuse               Hex            #.......     24%         3    None


Dungeon Overview and Level Annotations

Branches:
Dungeon (11/15)            Temple (1/1) D:6             Orc (0/2) D:9
   Lair: D:8-11

Altars:
Ashenzari
Cheibriados
Dithmenos
Fedhas
Gozag
Hepliaklqana
Kikubaaqudgha
Makhleb
Nemelex Xobeh
Okawaru
Qazlal
Ru
Sif Muna
Trog
Uskayaw
Vehumet
Wu Jian
Xom
Yredelemnul
Zin
The Shining One

Shops:
D:4 ?   D:5 }   D:7 :   D:11 (

Annotations:
D:6 azzavlup's ghost, novice TrFi
D:8 exclusion: ice beast
D:9 Psyche; oplop's ghost, novice OpIE
D:11 1 exclusion


Innate Abilities, Weirdness & Mutations

You cannot wear most types of armour.
You are very stealthy in the water. (Stealth+)
You are amphibious.
You can wear up to eight rings at the same time.
You can use your tentacles to constrict eight enemies at once.
Your skin changes colour to match your surroundings (Stealth+).
Your rubbery body absorbs attacks. (AC +1, EV +1)
You are partially covered in icy blue scales. (AC +2)
Your muscles are strong. (Str +2)


Message History

HP restored.
You start resting.
Magic restored.
Casting: Olgreb's Toxic Radiance
Confirm with . or Enter, or press ? or * to list all spells.
Okay, then.
An efreet is nearby!
An efreet is nearby!
An efreet is nearby!
Press: ? - help, v - describe, . - travel
Here: an efreet, wielding a scimitar of flaming (hasn't noticed you)
The floor.
The efreet gestures at you. The bolt of fire hits you!
The efreet gestures at you.
The fireball explodes!
The fireball engulfs you!
You are feeling very hungry.
The efreet gestures at you. The bolt of fire hits you!
You die...

§...#
#......#
#§..#
#.####.#
#§..#
#.#..#.#
###R§.#
#.#..#.# .
....#
#.#..#.#
###..§#
#.#..#.#
...†.§#
#...<#.#
##...§#
#########.#
.#.#§##
#......@..#
.#.#§#
#.#R#########
.#.#.# #.#§#
##...# #.#.#
...## #.#.#
##.# #.#R# .#
#.#§#
#.####.#.#
#........#


You could see an efreet.

Vanquished Creatures
  A two-headed ogre (D:11)
  A manticore (D:11)
  Maurice (D:9)
  A troll (D:10)
  A hippogriff (D:10)
  A wyvern (D:10)
  A water moccasin (D:10)
  4 sky beasts
  3 orc warriors
  A necrophage (D:7)
  A phantom (D:6)
  4 ogres
  9 centaurs
  A crocodile (D:7)
  A gnoll sergeant (D:6)
  4 bullfrogs (D:6)
  3 scorpions
  13 killer bees
  5 wights
  A jelly (D:10)
  2 howler monkeys
  A bullfrog zombie (D:9)
  3 crimson imps
  2 centaur zombies
  6 hounds
  11 orc wizards
  A quasit (D:8)
  9 orc priests
  4 iguanas
  9 worker ants
  A hound zombie (D:7)
  A hound skeleton (D:7)
  A worker ant zombie (D:7)
  19 gnolls
  12 adders
  4 shadow imps
  3 oozes
  An adder skeleton (D:7)
  5 worms
  3 dart slugs
  4 leopard geckos
  31 orcs
  11 bats
  2 giant cockroaches
  11 goblins
  9 hobgoblins
  10 jackals
  11 kobolds
  9 quokkas
  2 ball pythons
  7 frilled lizards
  A giant cockroach zombie (D:6)
  A jackal zombie (D:6)
  6 rats
270 creatures vanquished.

Vanquished Creatures (collateral kills)
  2 wights (D:10)
  A howler monkey (D:10)
3 creatures vanquished.

Vanquished Creatures (others)
  A sky beast (D:11)
  A wight (D:10)
2 creatures vanquished.

Grand Total: 275 creatures vanquished

Notes
Turn   | Place    | Note
-------+----------+-------------------------------------------
     0 | D:1      | oplop the Octopode Venom Mage began the quest for the Orb.
     0 | D:1      | Reached XP level 1. HP: 11/11 MP: 3/3
     0 | D:1      | Wingboner: Не дожил.
   304 | D:1      | Reached XP level 2. HP: 15/17 MP: 5/5
   334 | D:1      | Learned a level 2 spell: Poisonous Vapours
   545 | D:1      | oplop: табательное заклинание, лол
   545 | D:1      | Wingboner: Ну да. Смайт ядом.
   669 | D:1      | Reached XP level 3. HP: 21/21 MP: 6/6
   844 | D:2      | Found a sacrificial altar of Ru.
   860 | D:2      | Reached skill level 1 in Air Magic
   860 | D:2      | Reached XP level 4. HP: 21/27 MP: 7/7
   910 | D:2      | Learned a level 3 spell: Mephitic Cloud
  1085 | D:2      | Wingboner: Чуть мыши не съели.
  1308 | D:2      | You fall through a shaft!
  1334 | D:2      | Wingboner: Теперь VM и AE легко убивают змеек, т.к. от смайта не увернуться.
  1508 | D:2      | Wingboner: >два амулета косоглазия
  1520 | D:2      | Reached skill level 5 in Poison Magic
  1520 | D:2      | Reached XP level 5. HP: 14/31 MP: 8/8
  1596 | D:2      | oplop: по амулету на глаз
  1749 | D:3      | Found a basalt altar of Yredelemnul.
  1754 | D:3      | Found a glowing golden altar of the Shining One.
  1756 | D:3      | Noticed an angel
  1892 | D:3      | Wingboner: Дратути.
  1899 | D:3      | Reached XP level 6. HP: 8/37 MP: 3/9
  1903 | D:3      | Reached skill level 1 in Fighting
  2055 | D:3      | Wingboner: А всего-то надо было раньше затравить гнолла, а не тащить хз куда.
  2586 | D:3      | Reached skill level 3 in Dodging
  2815 | D:3      | Found a shimmering altar of Xom.
  2816 | D:3      | Reached XP level 7. HP: 39/43 MP: 11/11
  2999 | D:4      | Learned a level 4 spell: Olgreb's Toxic Radiance
  2999 | D:4      | oplop: венум болт же говно?
  3181 | D:4      | Wingboner: Он пробивает резист. Иммунитет не пробивает, но всяких мамб и жаб глушит.
  3204 | D:4      | Wingboner: Так что свою нишу имеет.
  3279 | D:4      | Found a deep blue altar of Sif Muna.
  3320 | D:4      | oplop: он косой жи
  3342 | D:4      | Found a shadowy altar of Dithmenos.
  3442 | D:4      | Found Vafutzin's Magic Scroll Boutique.
  3450 | D:4      | Wingboner: Так другого варианта против них нет.
  3450 | D:4      | Bought a scroll of fear for 35 gold pieces
  3450 | D:4      | Bought a scroll of teleportation for 30 gold pieces
  4048 | D:5      | Entered Level 5 of the Dungeon
  4048 | D:5      | Found Yjus's Gadget Shoppe.
  4101 | D:5      | oplop: осьминог не может носить шарфы
  4101 | D:5      | oplop: нуо
  4101 | D:5      | oplop: к
  4273 | D:5      | Wingboner: Ну дык он и плащи не может, а шарфы в слот плаща.
  4287 | D:5      | Reached skill level 4 in Dodging
  4298 | D:5      | Reached XP level 8. HP: 52/52 MP: 0/13
  5010 | D:6      | Reached skill level 5 in Dodging
  5198 | D:7      | Found an ancient bone altar of Kikubaaqudgha.
  5419 | D:7      | Found Waunn's Book Emporium.
  5427 | D:7      | Wingboner: У тентакля намечается каменный стояк.
  5427 | D:7      | oplop: нескоро
  5540 | D:6      | Learned a level 5 spell: Venom Bolt
  5684 | D:7      | Reached XP level 9. HP: 47/56 MP: 16/16
  6111 | D:7      | Reached skill level 5 in Spellcasting
  6512 | D:8      | Reached skill level 6 in Dodging
  8221 | D:6      | Noticed azzavlup's ghost (novice TrFi)
  8227 | D:6      | Wingboner: Опасне.
  8303 | D:7      | Reached skill level 7 in Dodging
  8424 | D:6      | oplop: блин
  8424 | D:6      | oplop: где храм то?
  8523 | D:6      | Wingboner: Может даже на д7 сгенериться.
  8538 | D:7      | oplop: это ясно
  8538 | D:7      | oplop: но тут пусто
  8538 | D:7      | Wingboner: И то с выбором богов "Зом, Зом, Зом или Зом"ю
  8538 | D:7      | Wingboner: А нормальные боги на д9.
  8541 | D:6      | Wingboner: Проверь все лестницы вверх-вниз.
  8544 | D:6      | Wingboner: Должно быть по 3 на этаже.
  8544 | D:7      | oplop: по 3
  8649 | D:9      | oplop: короче, у меня фрустрация от вма
  8649 | D:9      | Wingboner: Эх, я б быстро нашёл, если б моя игра была. Но твоими действиями управлять не могу.
  8649 | D:9      | oplop: нежить бить нечем
  8649 | D:9      | Wingboner: Кек.
  8649 | D:9      | oplop: храма нет
  8649 | D:9      | oplop: мнэ
  8649 | D:4      | oplop: на этажах с 4 по 7 все лестницы на месте, блин
  8654 | D:9      | Found a staircase to the Orcish Mines.
  8656 | D:9      | Noticed oplop's ghost (novice OpIE)
  8675 | D:9      | Noticed a two-headed ogre
  8758 | D:9      | Wingboner: Так, мне пора уходить.
  8760 | D:9      | Wingboner: Успехов тут.
  8760 | D:9      | oplop: бай
  8922 | D:9      | Found a sparkling altar of Nemelex Xobeh.
  8966 | D:9      | Reached XP level 10. HP: 51/61 MP: 20/20
  8973 | D:9      | Noticed Maurice
  8986 | D:9      | Killed Maurice
  8986 | D:9      | Reached skill level 8 in Dodging
  9025 | D:9      | Found an iron altar of Okawaru.
  9102 | D:9      | Upgraded the game from 0.20-a0-700-gbd4582c to 0.22-a0-75-g1fede22
  9492 | D:6      | Found a staircase to the Ecumenical Temple.
  9499 | Temple   | Entered the Ecumenical Temple
  9714 | Temple   | Became a worshipper of Vehumet
  9830 | D:9      | Noticed a two-headed ogre
 10064 | D:8      | Gained mutation: You are partially covered in icy blue scales. (AC +2) [potion of mutation]
 10064 | D:8      | Gained mutation: Your muscles are strong. (Str +2) [potion of mutation]
 10067 | D:8      | Identified a scroll of acquirement
 10071 | D:8      | Learned a level 1 spell: Summon Butterflies
 10106 | D:9      | Noticed Psyche
 10458 | D:10     | Entered Level 10 of the Dungeon
 10688 | D:10     | oplop: ??sting
 10688 | D:10     | beem: sting[1/1]: Level 1 spell in {Young Poisoner's Handbook}. Deals up to 1d8 poison damage and has a 66% chance of inflicting {poison} on non-resistant targets. VM starts with this spell memorized. To-hit: 8+power/5.
 10761 | D:10     | Reached * piety under Vehumet
 10761 | D:10     | Offered knowledge of Freeze by Vehumet.
 10812 | D:10     | Reached skill level 5 in Fighting
 10902 | D:10     | oplop: ??venom bolt
 10902 | D:10     | beem: venom bolt[1/2]: A level 5 conjuration/poison spell - it is a penetrating punch of pure poisonous power. Please perceive that pests partially protected from poison (as opposed to prohibitively protected; includes most living and demonic creatures) will proceed to procure piddling punishment. To-hit:8+power/20.
 10902 | D:10     | oplop: ??venom bolt[2
 10902 | D:10     | beem: venom bolt[2/2]: Piss-poor, prefer Poison Arrow.
 10998 | D:10     | Reached skill level 9 in Dodging
 11348 | D:10     | Reached skill level 5 in Conjurations
 11766 | D:11     | Found Recah's Weapon Shop.
 11840 | D:11     | Learned a level 3 spell: Confuse
 11916 | D:11     | Noticed a manticore
 11924 | D:11     | Killed a manticore
 12008 | D:11     | Noticed a two-headed ogre
 12027 | D:11     | Killed a two-headed ogre
 12027 | D:11     | Reached XP level 11. HP: 7/70 MP: 2/23
 12422 | D:11     | Killed from afar by an efreet

Vault maps used:
D:1:      dpeg_arrival_pond, hangedman_decor_lopped
D:2:      nicolae_ru_great_annihilating_truth, first_bread
D:3:      grunt_temple_overflow_holy_war, marbit_many_paths, doesnt_xom_only_xom
D:4:      lemuel_blue_sif_altar, overflow_temple_1_default,
          serial_co_window_serial, co_window_of_opportunity_a,
          co_window_corner_a, co_window_paths_a, co_window_corner_a,
          co_window_paths_a, co_window_corner_b, co_window_broadway_c,
          co_window_2corner, co_window_corner_b, co_window_2corner,
          co_window_unsneaky_path_a, co_window_paths_d, glass_columns_a,
          serial_shops, shop
D:5:      serial_shops, nicolae_shop_trees, kennysheep_generic_room_16
D:6:      minmay_temple_entry_enclosed_plants
D:7:      serial_shops, nicolae_shop_statue_plus, basic_altar
D:8:      serial_co_window_serial, co_window_paths_b,
          co_window_of_opportunity_a, co_window_paths_b, co_window_corner_a,
          co_window_corner_a, co_window_corner_b, co_window_of_opportunity_b,
          co_window_of_opportunity_b, co_window_unsneaky_path_d,
          co_window_unsneaky_path_c, co_window_4corner_a, co_window_sun,
          glass_columns_c, glass_columns_a
D:9:      nicolae_overflow_crystal_walls, nemelex_altar_shiori,
          minmay_orc_entry_temple_small, uniq_maurice, uniq_psyche
D:11:     lair_entry_dummy, serial_shops, shop_statue, hangedman_ranch,
          kennysheep_generic_room_7
Temple:   nicolae_temple_figure_eight

Skill      XL: |  1  2  3  4  5  6  7  8  9 10 |
---------------+-------------------------------+-----
Poison Magic   | 4 5 6 7 |  7.6
Air Magic      | 1 2 |  2.2
Conjurations   | 2 4 5 |  5.8
Fighting       | 1 3 6 |  6.1
Spellcasting   | 3 4 7 8 |  8.6
Dodging        | 3 4 5 7 9 |  9.5
Short Blades   | |  0.8
Stealth        | |  2.6

Action                   |  1- 3 |  4- 6 |  7- 9 | 10-12 || total
-------------------------+-------+-------+-------+-------++-------
Melee: Short sword       |    28 |    52 |   203 |    99 ||   382
       Constrict         |     5 |    10 |    34 |    20 ||    69
       Tentacles         |     3 |     5 |    35 |    13 ||    56
Throw: Throwing net      |       |       |       |     2 ||     2
 Cast: Sting             |     6 |     1 |     3 |    49 ||    59
       Poisonous Vapours |    22 |    82 |   115 |     8 ||   227
       Mephitic Cloud    |       |     9 |    18 |    22 ||    49
       Olgreb's Toxic Ra |       |       |    11 |    11 ||    22
       Venom Bolt        |       |       |     1 |    12 ||    13
       Summon Butterflie |       |       |       |     1 ||     1
Evoke: Wand              |       |       |       |    18 ||    18
  Use: Scroll            |       |     2 |       |    11 ||    13
       Potion            |       |     5 |       |     1 ||     6
 Stab: Sleeping          |     1 |     3 |    12 |     4 ||    20
       Paralysed         |       |     2 |       |       ||     2
       Confused          |       |     1 |     2 |       ||     3
  Eat: Chunk             |     1 |    11 |    16 |     5 ||    33
       Buggy fruit       |       |     1 |     2 |       ||     3
       Ration            |       |       |     1 |     3 ||     4
       Buggy jelly       |       |       |     1 |       ||     1
Armor: Skin              |     6 |    13 |     7 |     5 ||    31
Dodge: Dodged            |    29 |    61 |   146 |    83 ||   319

Table legend:
 A = Spawn XP
 B = Non-spawn XP
 C = Spawn XP percentage of total XP
 D = Spawn monster count
 E = Non-spawn monster count
 F = Spawn count percentage of total count
 G = Total turns spent on level
                    A         B        C        D         E        F      G
               +---------+---------+-------+---------+---------+-------+---------
         Total |       0 |    4374 |   0.0 |       0 |      50 |   0.0 |  3320
               +---------+---------+-------+---------+---------+-------+---------
          D:10 |       0 |    2405 |   0.0 |       0 |      40 |   0.0 |  1527
          D:11 |       0 |    1969 |   0.0 |       0 |      10 |   0.0 |   382
               +---------+---------+-------+---------+---------+-------+---------
